 Dungeon Crawl Stone Soup version 0.20-a0-1124-g2e29d97 (webtiles) character file.

16700 poirepourri the Cleaver (level 12, -5/110 HPs)
             Began as a Minotaur Fighter on May 15, 2017.
             Was a Believer of Makhleb.
             Slain by Nico3ck's ghost (34 damage)
             ... on level 11 of the Dungeon.
             The game lasted 00:15:43 (10318 turns).

poirepourri the Cleaver (Minotaur Fighter)         Turns: 10318, Time: 00:15:43

Health: -5/110     AC: 17    Str: 33    XL:     12   Next: 12%
Magic:  11/11      EV:  9    Int:  5    God:    Makhleb [**....]
Gold:   249        SH: 17    Dex: 18    Spells: 11/11 levels left

rFire    . . .     SeeInvis .   O - +10 morningstar "Itiff" {freeze, *Corrode rElec rF- Str+7}
rCold    + . .     Gourm    .   c - +2 shield
rNeg     . . .     Faith    .   d - +0 plate armour
rPois    .         Spirit   .   (helmet restricted)
rElec    +         Reflect  .   b - +2 cloak
rCorr    .         Harm     .   (no gloves)
MR       .....                  I - +2 pair of boots
Stlth    ..........             g - amulet "Rokoza Yleo" {RegenMP rC++ Dex+4 Slay+6}
Regen    0.3/turn               l - +4 ring of strength
MPRegen  0.2/turn               i - ring of fire

@: no status effects
A: retaliatory headbutt, horns 2
a: Minor Destruction, Renounce Religion


You were on level 11 of the Dungeon.
You worshipped Makhleb.
Makhleb was pleased with you.
You were not hungry.

You visited 2 branches of the dungeon, and saw 14 of its levels.
You also visited: Ossuary.

You collected 614 gold pieces.
You spent 365 gold pieces at shops.

Inventory:

Hand Weapons
 p - a +4 war axe
 O - the +10 morningstar "Itiff" (weapon) {freeze, *Corrode rElec rF- Str+7}
   (You found it on level 10 of the Dungeon)

   It has been specially enchanted to freeze those struck by it, causing extra
   injury to most foes and up to half again as much damage against particularly
   susceptible opponents.
   It can also slow down cold-blooded creatures.
   It affects your strength (+7).
   It makes you vulnerable to fire.
   It insulates you from electricity.
   It may corrode you when you take damage.
Missiles
 n - 35 bolts
Armour
 b - a +2 cloak (worn)
 c - a +2 shield (worn)
 d - a +0 plate armour (worn)
 I - a +2 pair of boots (worn)
Jewellery
 a - an uncursed ring of wizardry
 e - an uncursed ring of magical power
 g - the amulet "Rokoza Yleo" (around neck) {RegenMP rC++ Dex+4 Slay+6}
   (You found it on level 6 of the Dungeon)

   [amulet of magic regeneration]

   It increases your magic regeneration.
   It affects your dexterity (+4).
   It affects your accuracy and damage with ranged weapons and melee attacks
   (+6).
   It greatly protects you from cold.
 h - an uncursed ring of stealth
 i - a ring of fire (right hand)
 l - a +4 ring of strength (left hand)
 o - an uncursed amulet of magic regeneration
 q - an uncursed ring of ice
 s - a cursed amulet of inaccuracy {unknown}
 P - an uncursed amulet of guardian spirit {unknown}
Wands
 k - a wand of flame (44/48)
 w - a wand of lightning (10/15)
 Q - a wand of paralysis (11/24)
Scrolls
 j - 6 scrolls of remove curse
 r - 8 scrolls of teleportation
 u - 3 scrolls of magic mapping
 D - 2 scrolls of fear
 M - 2 scrolls of blinking
 N - a scroll of amnesia
 R - a scroll of recharging
Potions
 m - 4 potions of curing
 t - 2 potions of magic
 v - 2 potions of degeneration
 x - 2 potions of mutation
 z - 3 potions of cancellation
 A - a potion of brilliance
 B - 4 potions of heal wounds
 C - 2 potions of resistance {unknown}
 K - a potion of lignification {unknown}
Miscellaneous
 E - a lamp of fire
Comestibles
 f - 8 bread rations
 F - 4 meat rations
 G - 8 fruits
 H - a royal jelly


   Skills:
 + Level 11.1 Fighting
 + Level 14.3(15.1) Axes
 + Level 8.9(12.6) Maces & Flails
 - Level 3.6 Armour
 + Level 3.2 Dodging
 + Level 12.3 Shields
 + Level 0.3 Evocations


You had 11 spell levels left.
You didn't know any spells.

Dungeon Overview and Level Annotations

Branches:
Dungeon (13/15)            Temple (1/1) D:6            Lair (0/6) D:9
    Orc (0/2) D:10
 Vaults: D:13-14

Altars:
Ashenzari
Cheibriados
Dithmenos
Elyvilon
Fedhas
Gozag
Hepliaklqana
Kikubaaqudgha
Makhleb
Nemelex Xobeh
Okawaru
Qazlal
Ru
Sif Muna
Trog
Uskayaw
Vehumet
Wu Jian
Xom
Yredelemnul
Zin
The Shining One
Lugonu

Shops:
D:4 *[(   D:6 ?   D:8 !   D:9 !

Annotations:
D:11 Nico3ck's ghost, adept MiBe


Innate Abilities, Weirdness & Mutations

You reflexively headbutt those who attack you in melee.
You have a pair of horns on your head.


Message History

Nico3ck's ghost is severely damaged.
Something hits you but does no damage.
You puncture Nico3ck's ghost! You freeze Nico3ck's ghost.
Nico3ck's ghost is almost destroyed.
Something hits you but does no damage.
Nico3ck's ghost hits you but does no damage.
Something hits you but does no damage.
You sock Nico3ck's ghost! You freeze Nico3ck's ghost.
You headbutt Nico3ck's ghost.
Nico3ck's ghost is almost destroyed.
You block something's attack. Nico3ck's ghost hits you!!!
* * * LOW HITPOINT WARNING * * *
You closely miss Nico3ck's ghost.
Nico3ck's ghost is almost destroyed.
Something hits you but does no damage. Nico3ck's ghost barely misses you.
You furiously retaliate!
You headbutt Nico3ck's ghost, but do no damage.
You feel much better. Something hits you but does no damage.
Nico3ck's ghost hits you!!
You die...

#..$.# +[...#
#....#
#....###
#......#
####......#
###..#......#
#...{#....(.#
#..@W'......#
##.###......#
### ###..<.#
#....# #....#
#....#
#....########
#............
#............


You could see Nico3ck's ghost.

Vanquished Creatures
  Fannar (D:12)
  Harold (D:12)
  2 two-headed ogres
  5 skeletal warriors (D:12)
  2 unseen horrors
  A cyclops (D:12)
  Joseph (D:10)
  Maurice (D:12)
  A hornet (D:12)
  Prince Ribbit (D:7)
  Grinder (D:3)
  A hippogriff (D:8)
  Sigmund (D:2)
  The ghost of anfisbena the Ruffian, an amateur TrFi (D:3)
  A shadow (D:12)
  2 wyverns
  8 yaks
  A steam dragon (D:12)
  A hungry ghost (D:7)
  2 vampire mosquitoes (D:12)
  Grum (D:11)
  2 water moccasins (D:8)
  An acid dragon (D:12)
  A black bear (D:8)
  2 sky beasts
  A hornet zombie (D:8)
  3 orc warriors
  An ice beast (D:6)
  3 phantoms
  An eye of draining (D:9)
  2 necrophages
  3 centaurs
  7 ogres
  2 wolves (D:11)
  4 bullfrogs
  A water moccasin skeleton (D:9)
  2 scorpions
  6 killer bees (D:10)
  5 howler monkeys
  8 wights
  A bullfrog zombie (D:9)
  7 crimson imps
  A bullfrog skeleton (D:8)
  5 hounds
  3 jellies
  14 orc wizards
  A quasit (D:8)
  7 orc priests
  Natasha (thrice) (D:2)
  A centaur skeleton (D:5)
  5 iguanas
  14 worker ants
  2 human simulacra (D:12)
  A hound skeleton (D:8)
  13 mummies
  4 gnolls (D:2)
  11 adders
  2 shadow imps
  2 adder skeletons
  6 worms
  A dart slug (D:3)
  4 leopard geckos
  36 orcs
  8 bats
  6 giant cockroaches
  5 goblins
  5 hobgoblins
  16 jackals
  3 quokkas
  A ball python (D:4)
  6 frilled lizards
  A giant cockroach zombie (D:6)
  3 gnoll skeletons (Ossuary)
  A goblin skeleton (Ossuary)
  2 goblin zombies (D:6)
  14 kobolds
  2 kobold skeletons (Ossuary)
  A leopard gecko skeleton (D:4)
  A leopard gecko zombie (D:9)
  An orc skeleton (Ossuary)
  A quokka skeleton (D:9)
  12 rats
  11 rat skeletons (Ossuary)
  2 demonic plants (Temple)
337 creatures vanquished.

Vanquished Creatures (others)
  A kobold skeleton (Ossuary)
1 creature vanquished.

Grand Total: 338 creatures vanquished

Notes
Turn   | Place    | Note
-------+----------+-------------------------------------------
     0 | D:1      | poirepourri the Minotaur Fighter began the quest for the Orb.
     0 | D:1      | Reached XP level 1. HP: 19/19 MP: 0/0
   207 | D:1      | Reached XP level 2. HP: 27/27 MP: 1/1
   511 | D:2      | Noticed Natasha
   530 | D:2      | Killed Natasha
   530 | D:2      | Reached skill level 3 in Axes
   530 | D:2      | Reached XP level 3. HP: 8/33 MP: 2/2
   831 | D:2      | Reached skill level 1 in Dodging
  1016 | D:2      | Noticed Sigmund
  1023 | D:2      | Killed Sigmund
  1023 | D:2      | Reached skill level 4 in Axes
  1023 | D:2      | Reached skill level 5 in Shields
  1023 | D:2      | Reached XP level 4. HP: 40/41 MP: 3/3
  1023 | D:2      | Reached XP level 5. HP: 46/47 MP: 4/4
  1077 | D:2      | Reached skill level 5 in Axes
  1142 | D:2      | Noticed Natasha
  1150 | D:2      | Killed Natasha
  1150 | D:2      | Reached XP level 6. HP: 40/53 MP: 5/5
  1657 | D:2      | Noticed Natasha
  1676 | D:2      | Killed Natasha
  1848 | D:3      | Noticed anfisbena's ghost (amateur TrFi)
  1849 | D:3      | Found a shattered altar of Ashenzari.
  1874 | D:3      | Killed anfisbena's ghost
  1874 | D:3      | Reached skill level 5 in Fighting
  2252 | D:3      | Found an ancient bone altar of Kikubaaqudgha.
  2257 | D:3      | Reached XP level 7. HP: 61/61 MP: 6/6
  2305 | D:3      | Reached skill level 6 in Axes
  2431 | D:3      | Found a deep blue altar of Sif Muna.
  2472 | D:3      | Noticed Grinder
  2473 | D:3      | Paralysed by Grinder for 7 turns
  2486 | D:3      | Paralysed by Grinder for 6 turns
  2497 | D:3      | Killed Grinder
  2835 | D:3      | Noticed a moth of wrath
  2846 | D:3      | Found a bloodstained altar of Trog.
  2994 | D:4      | Found Fakh's Antique Armour Boutique.
  3011 | D:4      | Found Roetzug's General Store.
  3015 | D:4      | Reached skill level 7 in Axes
  3177 | D:4      | Reached XP level 8. HP: 14/70 MP: 7/7
  3449 | D:4      | Reached skill level 8 in Axes
  3628 | D:4      | Found Vadurhir's Weapon Emporium.
  3801 | D:4      | Found a snail-covered altar of Cheibriados.
  3832 | D:5      | Entered Level 5 of the Dungeon
  3851 | D:5      | Reached skill level 9 in Axes
  3866 | D:5      | Found an iron altar of Okawaru.
  4352 | D:6      | Found a staircase to the Ecumenical Temple.
  4364 | Temple   | Entered the Ecumenical Temple
  4508 | D:6      | Found a sand-covered staircase.
  4515 | Ossuary  | Entered an ossuary
  4765 | Ossuary  | Reached skill level 10 in Axes
  5016 | D:6      | Found Nitamup's Jewellery Emporium.
  5062 | D:6      | Reached XP level 9. HP: 75/79 MP: 8/8
  5209 | D:6      | Killed an unseen horror
  5209 | D:6      | Reached skill level 11 in Axes
  5636 | D:6      | Got a wavering sapphire amulet
  5737 | D:6      | Found Angeonuu's Magic Scroll Shoppe.
  5742 | D:6      | Bought 2 scrolls of identify for 40 gold pieces
  5742 | D:6      | Bought a scroll of identify for 20 gold pieces
  5742 | D:6      | Bought a scroll of teleportation for 30 gold pieces
  5742 | D:6      | Bought a scroll of enchant weapon for 75 gold pieces
  5746 | D:6      | Identified the amulet "Rokoza Yleo" {RegenMP rC++ Dex+4 Slay+6} (You found it on level 6 of the Dungeon)
  6227 | D:7      | Noticed Prince Ribbit
  6235 | D:7      | Killed Prince Ribbit
  6235 | D:7      | Reached skill level 12 in Axes
  6664 | D:7      | Reached XP level 10. HP: 90/90 MP: 9/9
  7312 | D:8      | Found a shadowy altar of Dithmenos.
  7323 | D:8      | Found Maqah Lirr's Distillery.
  7336 | D:8      | Bought 2 potions of heal wounds for 130 gold pieces
  7389 | D:8      | Found a white marble altar of Elyvilon.
  7395 | D:8      | Found a stormy altar of Qazlal.
  7509 | D:8      | Reached skill level 13 in Axes
  7599 | D:8      | Found an opulent altar of Gozag.
  7600 | D:8      | Found a glowing silver altar of Zin.
  7786 | D:9      | Found a staircase to the Lair.
  7853 | D:9      | Found a glowing golden altar of the Shining One.
  7853 | D:9      | Found a blossoming altar of Fedhas.
  7860 | D:9      | Found a hazy altar of Hepliaklqana.
  7861 | D:9      | Found a burning altar of Makhleb.
  7866 | D:9      | Found a hide-covered altar of Uskayaw.
  7875 | D:9      | Became a worshipper of Makhleb the Destroyer
  8038 | D:9      | Found Iplaeb's Distillery.
  8049 | D:9      | Reached skill level 10 in Shields
  8057 | D:9      | Bought a potion of heal wounds for 70 gold pieces
  8216 | D:9      | Reached * piety under Makhleb
  8218 | D:9      | Noticed a two-headed ogre
  8227 | D:9      | Killed a two-headed ogre
  8227 | D:9      | Reached skill level 14 in Axes
  8309 | D:10     | Entered Level 10 of the Dungeon
  8470 | D:10     | Found a staircase to the Orcish Mines.
  8497 | D:10     | Noticed Joseph
  8510 | D:10     | Reached XP level 11. HP: 99/99 MP: 10/10
  8518 | D:10     | Killed Joseph
  8571 | D:10     | Got an ichor-stained morningstar
  8572 | D:10     | Identified the +10 morningstar "Itiff" {freeze, *Corrode rElec rF- Str+7} (You found it on level 10 of the Dungeon)
  8867 | D:11     | You fall through a shaft for 2 floors!
  9024 | D:12     | Killed an unseen horror
  9024 | D:12     | Reached skill level 1 in Maces & Flails
  9115 | D:12     | Noticed Maurice
  9130 | D:12     | Killed Maurice
  9130 | D:12     | Reached skill level 10 in Fighting
  9187 | D:12     | Reached ** piety under Makhleb
  9617 | D:12     | Noticed Fannar
  9625 | D:12     | Killed Fannar
  9625 | D:12     | Reached skill level 5 in Maces & Flails
  9717 | D:12     | Noticed a two-headed ogre
  9721 | D:12     | Noticed Harold
  9722 | D:12     | Killed a two-headed ogre
  9728 | D:12     | Killed Harold
  9737 | D:12     | Noticed a skeletal warrior
  9738 | D:12     | Noticed a skeletal warrior
  9738 | D:12     | Noticed a skeletal warrior
  9739 | D:12     | Noticed a skeletal warrior
  9746 | D:12     | Killed a skeletal warrior
  9752 | D:12     | Noticed a skeletal warrior
  9753 | D:12     | Killed a skeletal warrior
  9807 | D:12     | Killed a skeletal warrior
  9812 | D:12     | Killed a skeletal warrior
  9812 | D:12     | Reached XP level 12. HP: 110/110 MP: 11/11
 10206 | D:11     | Noticed Grum
 10214 | D:11     | Killed Grum
 10295 | D:11     | Noticed Nico3ck's ghost (adept MiBe)
 10318 | D:11     | Slain by Nico3ck's ghost

Vault maps used:
D:1:      elethiomel_arrival_quiet, glass_columns_a
D:2:      grunt_decor_fettered, roderic_filled_cross, grunt_ministairs_7,
          uniq_sigmund, uniq_natasha
D:3:      kiku_gazebo_garden_becter, evilmike_ruin_ashenzari, tgw_trog,
          lemuel_round_altar, first_bread, uniq_grinder
D:4:      kennysheep_little_box, serial_shops, nicolae_shop_waterfront, shop,
          nicolae_shop_trees
D:5:      kennysheep_okawaru_gauntlet
D:6:      lemuel_temple_firewalk_b, serial_shops, shop, shop,
          nicolae_ossuary_entry_giza, grunt_decor_mini_mirrors
D:7:      uniq_prince_ribbit1
D:8:      grunt_temple_overflow_gold_and_silver, kennysheep_mini,
          lemuel_crystal_altar, nicolae_qazlal_general_emergency, serial_shops,
          shop
D:9:      cheibrodos_barr_body, grunt_temple_overflow_open, lair_entry_dummy,
          serial_shops, shop
D:10:     orc_0_dummy, uniq_joseph
D:11:     serial_shops, kennysheep_mini_moat, uniq_grum
D:12:     serial_glass, glass_columns_b, glass_columns_a, glass_columns_b,
          glass_columns_b, glass_columns_b, glass_columns_c, bh_circular_ruins,
          uniq_maurice, uniq_fannar, uniq_harold
D:13:     erik_vaults_1, grunt_ogre_cave
Temple:   corrupted_temple
Ossuary:  ossuary_due_small_catacomb

Skill      XL: |  1  2  3  4  5  6  7  8  9 10 11 |
---------------+----------------------------------+-----
Fighting       | 4 5 6 7 8 9 11 | 11.1
Shields        | 4 5 6 7 9 10 12 | 12.3
Axes           | 3 4 5 7 10 12 14 | 14.3
Dodging        | 1 2 3 |  3.2
Maces & Flails | 8 |  8.9
Armour         | |  3.6
Evocations     | |  0.3

Action                   |  1- 3 |  4- 6 |  7- 9 | 10-12 || total
-------------------------+-------+-------+-------+-------++-------
Melee: War axe           |    77 |    99 |   355 |   182 ||   713
       Headbutt          |    11 |    17 |    82 |    75 ||   185
       Morningstar       |       |       |       |   126 ||   126
Evoke: Wand              |       |       |     3 |       ||     3
  Use: Potion            |     3 |     4 |     2 |     4 ||    13
       Scroll            |     3 |     2 |    12 |    12 ||    29
  Eat: Meat ration       |       |     1 |     2 |     1 ||     4
       Royal jelly       |       |       |     1 |     2 ||     3
       Chunk             |       |       |     2 |       ||     2
       Fruit             |       |       |     3 |       ||     3
       Bread ration      |       |       |       |     1 ||     1
Armor: Scale mail        |    39 |       |       |       ||    39
       Plate armour      |     8 |    69 |   157 |   149 ||   383
Dodge: Dodged            |    30 |    25 |    51 |    61 ||   167
Block: Shield            |    66 |    67 |   212 |   236 ||   581
